 Dungeon Crawl Stone Soup version 0.21-a0-405-gf2af9a1 (webtiles) character file.

951 Espgualade the Ducker (level 8, 0/49 HPs)
             Began as a Tengu Ice Elementalist on Nov 1, 2017.
             Was an Initiate of Vehumet.
             Slain by an orc wizard
             ... wielding a +0 dagger
              (5 damage)
             ... on level 5 of the Dungeon.
             The game lasted 00:16:54 (3998 turns).

Espgualade the Ducker (Tengu Ice Elementalist)      Turns: 3998, Time: 00:16:55

Health: 0/49       AC:  6    Str:  9    XL:     8   Next: 13%
Magic:  9/15       EV: 15    Int: 17    God:    Vehumet [......]
Gold:   212        SH:  0    Dex: 17    Spells: 9/15 levels left

rFire    . . .     SeeInvis .   w - +2 dagger (venom)
rCold    . . .     Gourm    .   (no shield)
rNeg     . . .     Faith    .   a - +0 robe
rPois    .         Spirit   .   (helmet restricted)
rElec    .         Reflect  .   u - +0 cloak
rCorr    +         Harm     .   j - +2 pair of gloves
MR       .....                  (boots unavailable)
Stlth    +++.......             s - amulet of regeneration
HPRegen  0.56/turn              d - ring of resist corrosion
MPRegen  0.14/turn              e - +2 ring of dexterity

@: no status effects
A: beak, talons 3, able to fly 1
a: Fly, Renounce Religion


You were on level 5 of the Dungeon.
You worshipped Vehumet.
Vehumet was noncommittal.
You were not hungry.

You visited 2 branches of the dungeon, and saw 6 of its levels.

You collected 212 gold pieces.

Inventory:

Hand Weapons
 f - a +0 flail of holy wrath
 n - a +0 dagger
 w - a +2 dagger of venom (weapon)
Armour
 a - a +0 robe (worn)
 j - a +2 pair of gloves (worn)
 u - a +0 cloak (worn)
Jewellery
 d - a ring of resist corrosion (left hand)
 e - a +2 ring of dexterity (right hand)
 s - an amulet of regeneration (around neck)
Wands
 x - a wand of paralysis (9/24)
 y - a wand of flame (33/48)
Scrolls
 i - 2 scrolls of fear
 l - 2 scrolls of teleportation
 o - a scroll of amnesia
 q - a scroll of magic mapping
 t - a scroll of remove curse
 v - a scroll of identify
Potions
 g - a potion of degeneration
 m - a potion of flight
 r - a potion of might
 z - a potion of curing {unknown}
 A - a potion of agility {unknown}
 B - 2 potions of resistance
Books
 b - a book of Frost

   Spells                             Type                      Level
   a - Freeze                         Ice                          1
   b - Throw Frost                    Conjuration/Ice              2
   c - Ozocubu's Armour               Charms/Ice                   3
   d - Throw Icicle                   Conjuration/Ice              4
   e - Summon Ice Beast               Ice/Summoning                4
Comestibles
 c - 3 bread rations
 h - 8 fruits
 k - 2 meat rations
 p - 3 royal jellies
 C - a chunk of flesh


   Skills:
 - Level 5.0 Fighting
 - Level 5.1 Dodging
 - Level 5.0 Stealth
 + Level 4.3 Spellcasting
 - Level 1.3 Conjurations
 - Level 2.6 Ice Magic


You had 9 spell levels left.
You knew the following spells:

 Your Spells              Type           Power        Failure   Level  Hunger
a - Freeze                Ice            ##..         4%          1    None
b - Throw Frost           Conj/Ice       ##....       10%         2    ##.....
c - Ozocubu's Armour      Chrm/Ice       #.......     26%         3    ###....


Dungeon Overview and Level Annotations

Branches:
Dungeon (5/15)             Temple (1/1) D:5

Altars:
Ashenzari
Cheibriados
Dithmenos
Elyvilon
Fedhas
Gozag
Hepliaklqana
Kikubaaqudgha
Makhleb
Okawaru
Qazlal
Ru
Sif Muna
Trog
Uskayaw
Vehumet
Xom
Yredelemnul
Zin
The Shining One


Innate Abilities, Weirdness & Mutations

You have a beak for a mouth.
You have claws for feet.
You can fly.


Message History

You closely miss something. You claw something. You peck something.
Something hits you but does no damage. Something hits you.
You closely miss something. You hit something. You claw something.
Something hits you. Something barely misses you.
You closely miss something. Your kick misses something.
Something hits you but does no damage.
You barely miss something. You peck something. Something hits you.
* * * LOW HITPOINT WARNING * * *
Something hits you.
* * * LOW HITPOINT WARNING * * *
You hit something. You claw something. You peck something. Something hits you.
* * * LOW HITPOINT WARNING * * *
You barely miss something. Your peck misses something.
You hear some strange, mumbled words.
A puff of frost appears from out of thin air!
The puff of frost hits you!
* * * LOW HITPOINT WARNING * * *
Something hits you.
You die...

..._...........)...#
.......#...........#
...................#
_..⌠.._..(.........##
........#...........#
.......###<.........#
..._...# ##.........#
.......# ##........#
.......## ###..@.###
........# ##){##
........# ###)##
......### #..##
......# ####..#
W....## #.....#
.....# #........#
#....# #.........#
#....# #..oo..o...#


There were no monsters in sight!

Vanquished Creatures
  Eustachio (D:5)
  An orc warrior (D:5)
  2 ogres (D:5)
  A crimson imp (D:5)
  A bullfrog zombie (D:5)
  A bullfrog skeleton (D:5)
  A hound (D:4)
  3 orc priests
  2 orc wizards
  Ijyb (D:3)
  2 iguanas
  A worker ant (D:4)
  A hound skeleton (D:5)
  3 adders
  2 oozes
  An adder zombie (D:5)
  3 worms
  2 dart slugs (D:3)
  5 leopard geckos
  13 orcs
  9 bats
  7 giant cockroaches
  7 goblins
  8 hobgoblins
  10 jackals
  A quokka (D:2)
  3 frilled lizards
  7 kobolds
  A quokka zombie (D:5)
  9 rats
109 creatures vanquished.

Notes
Turn   | Place    | Note
-------+----------+-------------------------------------------
     0 | D:1      | Espgualade the Tengu Ice Elementalist began the quest for the Orb.
     0 | D:1      | Reached XP level 1. HP: 10/10 MP: 4/4
   125 | D:1      | Reached skill level 1 in Fighting
   149 | D:1      | Reached XP level 2. HP: 14/16 MP: 1/6
   771 | D:1      | Learned a level 2 spell: Throw Frost
   777 | D:2      | Reached XP level 3. HP: 17/22 MP: 7/7
  1200 | D:2      | Reached XP level 4. HP: 21/28 MP: 8/8
  1457 | D:2      | Learned a level 3 spell: Ozocubu's Armour
  1500 | D:3      | Gained mutation: You can fly. [Tengu growth]
  1500 | D:3      | Reached XP level 5. HP: 32/34 MP: 1/9
  1866 | D:3      | Found a hazy altar of Hepliaklqana.
  2037 | D:3      | Reached skill level 5 in Fighting
  2053 | D:3      | Noticed Ijyb
  2056 | D:3      | Paralysed by Ijyb for 2 turns
  2063 | D:3      | Killed Ijyb
  2507 | D:4      | Found a white marble altar of Elyvilon.
  2548 | D:4      | Found a stormy altar of Qazlal.
  2559 | D:4      | Reached XP level 6. HP: 39/40 MP: 10/10
  3170 | D:5      | Entered Level 5 of the Dungeon
  3170 | D:5      | Found a staircase to the Ecumenical Temple.
  3204 | Temple   | Entered the Ecumenical Temple
  3266 | Temple   | Became a worshipper of Vehumet
  3287 | D:5      | Found a shimmering altar of Xom.
  3287 | D:5      | Noticed a phantom
  3289 | D:5      | Found a shattered altar of Ashenzari.
  3289 | D:5      | Found a basalt altar of Yredelemnul.
  3292 | D:5      | Found an iron altar of Okawaru.
  3345 | D:5      | Reached XP level 7. HP: 32/44 MP: 7/11
  3567 | D:5      | Reached skill level 5 in Dodging
  3567 | D:5      | Reached skill level 5 in Stealth
  3633 | D:5      | Noticed Eustachio
  3664 | D:5      | Killed Eustachio
  3971 | D:5      | Reached XP level 8. HP: 29/49 MP: 5/15
  3998 | D:5      | Slain by an orc wizard

Vault maps used:
D:1:      minmay_arrival_four_houses, minmay_cupped
D:2:      first_bread
D:3:      nicolae_overflow_hidden_temple, kennysheep_generic_room_10, uniq_ijyb
D:4:      nicolae_overflow_crystal_walls, overflow_temple_1_default
D:5:      grunt_temple_overflow_open, minmay_temple_entry_statues,
          uniq_eustachio
Temple:   nicolae_temple_god_jail

Skill      XL: |  1  2  3  4  5  6  7 |
---------------+----------------------+-----
Fighting       | 1 2 3 4 5 |  5.0
Dodging        | 3 4 5 |  5.1
Stealth        | 4 5 |  5.0
Spellcasting   | 4 |  4.3
Conjurations   | |  1.3
Ice Magic      | |  2.6

Action                   |  1- 3 |  4- 6 |  7- 9 || total
-------------------------+-------+-------+-------++-------
Melee: Unarmed           |    60 |       |       ||    60
       Kick              |    23 |    45 |    23 ||    91
       Peck              |    10 |    22 |    16 ||    48
       Dagger            |    26 |   156 |    70 ||   252
 Cast: Freeze            |    32 |    24 |     6 ||    62
       Throw Frost       |     1 |     3 |     8 ||    12
       Ozocubu's Armour  |       |       |     2 ||     2
  Use: Scroll            |       |    10 |     1 ||    11
       Potion            |       |     4 |       ||     4
 Stab: Sleeping          |     2 |     5 |       ||     7
  Eat: Chunk             |     2 |     5 |     1 ||     8
       Bread ration      |       |     1 |       ||     1
Armor: Robe              |    30 |    34 |    22 ||    86
Dodge: Dodged            |    66 |   104 |    34 ||   204

Table legend:
 A = Spawn XP
 B = Non-spawn XP
 C = Spawn XP percentage of total XP
 D = Spawn monster count
 E = Non-spawn monster count
 F = Spawn count percentage of total count
 G = Total turns spent on level
                    A         B        C        D         E        F      G
               +---------+---------+-------+---------+---------+-------+---------
         Total |       0 |    1359 |   0.0 |       0 |     109 |   0.0 |  3998
               +---------+---------+-------+---------+---------+-------+---------
           D:1 |       0 |      33 |   0.0 |       0 |      19 |   0.0 |   772
           D:2 |       0 |      63 |   0.0 |       0 |      27 |   0.0 |   686
           D:3 |       0 |     212 |   0.0 |       0 |      25 |   0.0 |   898
           D:4 |       0 |     190 |   0.0 |       0 |      13 |   0.0 |   814
           D:5 |       0 |     861 |   0.0 |       0 |      25 |   0.0 |   750
               +---------+---------+-------+---------+---------+-------+---------
